 Dungeon Crawl Stone Soup version 0.18.1-2-ga659475 (webtiles) character file.

82 lightmor the Sneak (level 4, -7/21 HPs)
             Began as a Spriggan Enchanter on May 8, 2016.
             Mangled by Crazy Yiuf
             ... wielding a +3 quarterstaff of chaos
              (8 damage)
             ... on level 3 of the Dungeon.
             The game lasted 00:05:21 (2507 turns).

lightmor the Sneak (Spriggan Enchanter)             Turns: 2507, Time: 00:05:22

Health: -7/21      AC:  4    Str:  4    XL:     4   Next: 21%
Magic:  3/11       EV: 18    Int: 16    God:
Gold:   85         SH:  0    Dex: 17    Spells: 2 memorised, 9 levels left

rFire  . . .     SeeInvis +     a - +1 dagger
rCold  . . .     Gourm    .     b - +1 robe
rNeg   . . .     Faith    .     (shield restricted)
rPois  .         Spirit   .     (helmet restricted)
rElec  .         Dismiss  .     j - +0 cloak
rCorr  .         Reflect  .     (gloves unavailable)
SustAt .         Harm     .     (boots unavailable)
MR     .....                    (no amulet)
Stlth  ++++......               s - ring of wizardry
                                n - ring of stealth

@: very quick, not resistant to hostile enchantments, stealthy
A: unfitting armour, see invisible, herbivore 3, speed 3, slow metabolism 2
a: no special abilities


You were on level 3 of the Dungeon.
You were not hungry.

You visited 1 branch of the dungeon, and saw 3 of its levels.

You collected 85 gold pieces.

Inventory:

Hand Weapons
 a - a +1 dagger (weapon)
Missiles
 p - 12 poisoned needles
Armour
 b - a +1 robe (worn)
 j - a +0 cloak (worn)
Jewellery
 n - a ring of stealth (left hand)
 s - a ring of wizardry (right hand)
Scrolls
 e - a scroll of remove curse
 i - a scroll of enchant weapon {unknown}
 k - a scroll of identify
 q - a scroll of random uselessness {unknown}
 r - a scroll of amnesia {unknown}
Potions
 f - a potion of berserk rage {unknown}
 g - 2 potions of curing
 h - a potion of flight {unknown}
 l - a potion of might {unknown}
 m - a potion of resistance {unknown}
Books
 c - a book of Maledictions

   Spells                             Type                      Level
   a - Corona                         Hexes                        1
   b - Ensorcelled Hibernation        Hexes/Ice                    2
   c - Confuse                        Hexes                        3
   d - Tukima's Dance                 Hexes                        3
   e - Dazzling Spray                 Conjuration/Hexes            3
Comestibles
 d - a bread ration
 o - a slice of pizza


   Skills:
 - Level 1.1 Short Blades
 - Level 3.0 Dodging
 + Level 5.4 Stealth
 * Level 4.5 Spellcasting
 - Level 4.2 Hexes


You had 9 spell levels left.
You knew the following spells:

 Your Spells              Type           Power        Failure   Level  Hunger
a - Corona                Hex            ###....      1%          1    None
b - Ensorcelled Hibernat  Hex/Ice        ##....       4%          2    ##.....


Dungeon Overview and Level Annotations

Branches:
Dungeon (3/15)

Altars:

Annotations:
D:3 Crazy Yiuf


Innate Abilities, Weirdness & Mutations

You are tiny and cannot use many weapons and most armour.
You have supernaturally acute eyesight.
You are a herbivore.
You cover ground extremely quickly.
You need consume almost no food.


Message History

Ouch! That really hurt!
* * * LOW HITPOINT WARNING * * *
Crazy Yiuf freezes you.
* * * LOW HITPOINT WARNING * * *
Crazy Yiuf yells, "Rifle!
Trifle bag noodlescoop."
Casting: Ensorcelled Hibernation
Confirm with . or Enter, or press ? or * to list all spells.
Aiming: Ensorcelled Hibernation
Press: ? - help, Shift-Dir - straight line, f/p - Crazy Yiuf
Aim: Crazy Yiuf, wielding a quarterstaff of chaos and wearing a cloak (lightly wounded, chance to defeat MR: 50%) Crazy Yiuf resists with some effort.
Casting: Ensorcelled Hibernation
Confirm with . or Enter, or press ? or * to list all spells.
Aiming: Ensorcelled Hibernation
Press: ? - help, Shift-Dir - straight line, f/p - Crazy Yiuf
Aim: Crazy Yiuf, wielding a quarterstaff of chaos and wearing a cloak (lightly wounded, chance to defeat MR: 50%) Crazy Yiuf resists with some effort.
Crazy Yiuf says, "Whippet hog chair!"
Crazy Yiuf hits you with a quarterstaff of chaos!
You die...

##### #)..# #...#
#...# ##.## #g##
##@# #.## ##.#
##.## .# ##...#
.# #....# #.#
#....#
###.########+..'#
#....>#.........#


You could see Crazy Yiuf.

Vanquished Creatures
  A gnoll (D:2)
  2 adders (D:2)
  A worm (D:2)
  A dart slug (D:2)
  A giant gecko (D:1)
  3 orcs (D:3)
  A ball python (D:1)
  3 bats
  A giant cockroach (D:2)
  9 hobgoblins
  5 kobolds
  A quokka (D:3)
  4 giant newts
  6 goblins
  4 rats
43 creatures vanquished.

Notes
Turn   | Place    | Note
--------------------------------------------------------------
     0 | D:1      | lightmor the Spriggan Enchanter began the quest for the Orb.
     0 | D:1      | Reached XP level 1. HP: 9/9 MP: 5/5
   420 | D:1      | Reached XP level 2. HP: 11/13 MP: 6/6
   534 | D:1      | Learned a level 2 spell: Ensorcelled Hibernation
  1766 | D:2      | Reached XP level 3. HP: 16/16 MP: 9/9
  1785 | D:2      | Reached skill level 5 in Stealth
  2035 | D:2      | Reached XP level 4. HP: 10/21 MP: 0/11
  2492 | D:3      | Noticed Crazy Yiuf
  2501 | D:3      | HP: 1/21 [Crazy Yiuf/quarterstaff of chaos (3)]
  2507 | D:3      | Mangled by Crazy Yiuf

Skill      XL: |  1  2  3 |
---------------+----------+-----
Hexes          | 4 |  4.2
Spellcasting   | 3 4 |  4.5
Stealth        | 5 |  5.4
Short Blades   | |  1.1
Dodging        | |  3.0

Action                   |  1- 3 |  4- 6 || total
-------------------------+-------+-------++-------
Melee: Dagger            |   133 |    13 ||   146
 Cast: Ensorcelled Hiber |    14 |     4 ||    18
  Use: Scroll            |       |     2 ||     2
 Stab: Sleeping          |    20 |     7 ||    27
Armor: Robe              |    14 |       ||    14
Dodge: Dodged            |    89 |     6 ||    95
